 Dungeon Crawl Stone Soup version 0.26.0-11-g8f856b5395 (webtiles) character file.

Game seed: 8179251254952531334

499 Jerry the Slasher (level 6, -8/51 HPs)
             Began as a Demigod Gladiator on Jan 15, 2021.
             Mangled by an ice beast (12 damage)
             ... on level 5 of the Dungeon.
             The game lasted 00:10:05 (5213 turns).

Jerry the Slasher (Demigod Gladiator)               Turns: 5213, Time: 00:10:05

Health: -8/51      AC:  4    Str: 21    XL:     6   Next: 62%
Magic:  0/8        EV: 13    Int: 12    God:
Gold:   182        SH:  0    Dex: 17    Spells: 5/5 levels left

rFire    + . .     SeeInvis .   a - +1 long sword
rCold    . . .     Faith    .   (no shield)
rNeg     . . .     Spirit   +   b - +0 leather armour
rPois    .         Reflect  .   c - +0 helmet
rElec    .         Harm     .   o - scarf {+Inv}
rCorr    .         Rampage  .   (no gloves)
Will     .....                  (no boots)
Stlth    ++........             u - amulet of guardian spirit
HPRegen  0.17/turn              l - ring of protection from fire
MPRegen  0.11/turn              (no ring)

@: no status effects
A: high mp 1
a: Evoke Invisibility


You were on level 5 of the Dungeon.
You visited 1 branch of the dungeon, and saw 5 of its levels.

You collected 182 gold pieces.

Inventory:

Hand Weapons
 a - a +1 long sword (weapon)
 x - a +1 dagger of venom
Missiles
 d - 3 throwing nets
 p - 4 poisoned darts (quivered)
 q - 2 atropa-tipped darts
Armour
 b - a +0 leather armour (worn)
 c - a +0 helmet (worn)
 o - a scarf of invisibility (worn)
Jewellery
 l - a ring of protection from fire (left hand)
 u - an amulet of guardian spirit (around neck)
Scrolls
 e - 4 scrolls of identify
 f - 2 scrolls of amnesia {unknown}
 g - 3 scrolls of remove curse
 i - 2 scrolls of teleportation
 m - 2 scrolls of enchant weapon
 v - a scroll of fear
 w - a scroll of magic mapping {unknown}
Potions
 h - 8 potions of curing
 j - 4 potions of might
 k - a potion of heal wounds
 n - a potion of lignification
 r - 2 potions of magic {unknown}
 s - a potion of flight
 t - a potion of haste


   Skills:
 + Level 3.4 Fighting
 * Level 5.1 Long Blades
 - Level 1.7 Throwing
 + Level 2.7 Armour
 - Level 2.6 Dodging
 - Level 2.3 Stealth


You had 5 spell levels left.
You didn't know any spells.
Your spell library was empty.

Dungeon Overview and Level Annotations

Branches:
Dungeon (5/15)             Temple (0/1) D:4


Innate Abilities, Weirdness & Mutations

You have an increased reservoir of magic. (+10% MP)


Message History

The ice beast is heavily wounded.
The ice beast closely misses you.
You hit the ice beast.
The ice beast is severely wounded.
The ice beast hits you but does no damage.
You hit the ice beast.
The ice beast is almost dead.
The ice beast hits you but does no damage.
You hit the ice beast.
The ice beast is almost dead.
The ice beast hits you.
* * * LOW HITPOINT WARNING * * *
The ice beast freezes you!
* * * LOW HITPOINT WARNING * * *
You hit the ice beast but do no damage.
The ice beast is almost dead.
The ice beast hits you.
* * * LOW HITPOINT WARNING * * *
The ice beast freezes you!
You die...

#.# .# #.## .#
#..# .#
########.##.#
#......#..#.#
#......##.#.#
#......##...#
#......###..#
...?.....Y@.>#
........######
....?...#
........#
.........
.........
...####.. ##
#.


You could see an ice beast.

Vanquished Creatures
  2 ogres
  A howler monkey (D:4)
  2 hounds (D:4)
  An orc wizard (D:4)
  A worker ant (D:4)
  A hound skeleton (D:4)
  3 gnolls
  5 adders
  3 worms
  A dart slug (D:3)
  2 leopard geckos
  4 orcs
  3 giant cockroaches
  10 goblins
  10 hobgoblins
  7 jackals
  9 kobolds
  3 quokkas
  6 bats
  8 frilled lizards
  10 rats
92 creatures vanquished.

Vanquished Creatures (others)
  7 plants (D:4)
7 creatures vanquished.

Grand Total: 99 creatures vanquished

Notes
Turn   | Place    | Note
-------+----------+-------------------------------------------
     0 | D:1      | Jerry the Demigod Gladiator began the quest for the Orb.
     0 | D:1      | Reached XP level 1. HP: 17/17 MP: 3/3
   284 | D:1      | Reached XP level 2. HP: 19/24 MP: 4/4
   393 | D:1      | Reached skill level 3 in Long Blades
  1086 | D:2      | Reached skill level 1 in Armour
  1086 | D:2      | Reached skill level 1 in Stealth
  1087 | D:2      | Reached XP level 3. HP: 22/29 MP: 5/5
  2559 | D:3      | Reached XP level 4. HP: 35/37 MP: 6/6
  2819 | D:3      | Found an iron altar of Okawaru.
  3671 | D:2      | Reached skill level 4 in Long Blades
  3971 | D:4      | Reached XP level 5. HP: 42/42 MP: 5/7
  4267 | D:4      | Found a staircase to the Ecumenical Temple.
  4312 | D:4      | Noticed an angel
  4655 | D:4      | Noticed a rust devil
  4824 | D:4      | Noticed an ogre
  4829 | D:4      | Killed an ogre
  4830 | D:4      | Reached XP level 6. HP: 51/51 MP: 8/8
  5170 | D:5      | Entered Level 5 of the Dungeon
  5208 | D:5      | Reached skill level 5 in Long Blades
  5213 | D:5      | Mangled by an ice beast

Illustrated notes

Levels and vault maps discovered:
D:1:      eino_arrival_cavern_a, layout_loops_ring, serial_glass,
          glass_columns_a, glass_columns_b
D:2:      layout_basic
D:3:      layout_basic, kennysheep_okawaru_gauntlet
D:4:      layout_basic, temple_garden, minmay_curled_crystal
D:5:      layout_basic, uniq_blork_the_orc, uniq_edmund, uniq_pikel

Skill      XL: |  1  2  3  4  5  6 |
---------------+-------------------+-----
Fighting       | 2 3 |  3.4
Long Blades    | 3 4 5 |  5.1
Armour         | 1 2 |  2.7
Stealth        | 1 2 |  2.3
Throwing       | |  1.7
Dodging        | |  2.6

Action                   |  1- 3 |  4- 6 || total
-------------------------+-------+-------++-------
Melee: Long sword        |   172 |   140 ||   312
Throw: Dart              |       |    11 ||    11
 Abil: Evoke Invisibilit |     1 |       ||     1
  Use: Scroll            |       |    13 ||    13
 Stab: Sleeping          |     3 |     5 ||     8
       Distracted        |     2 |       ||     2
       Invisible         |     1 |       ||     1
Armor: Leather armour    |    39 |    30 ||    69
Dodge: Dodged            |   141 |    97 ||   238
       Rpst.: Long sword |    34 |    30 ||    64
